Cogmind - Beta 15 @@@ ROGUE MODE // 2025.08.21 @ 13:45:15 Player: NQH Result: Destroyed self with Mini Grenade Launcher Performance ------------- Evolutions (1) 500 Regions Visited (3) 600 Robots Destroyed (34) 170 Value Destroyed (704) 704 Prototype IDs (2) 40 Alien Tech Used (0) 0 Bonus (-126) -126 TOTAL SCORE: 1888 Bonus ------- Friendly Fire -126 Cogmind --------- Core Integrity 0/400 Matter 290/300 Energy 263/265 System Corruption 5% Temperature Cool (6) Movement Flying (32) Location -9/Storage Parts ------- > --- POWER (1) -------- Improved Ion Engine > --- PROPULSION (4) --- Flight Unit Flight Unit VTOL Module > --- UTILITY (2) ------ Structural Scanner Signal Interpreter > --- WEAPON (2) ------- Mini Grenade Launcher Mini Grenade Launcher > --- INVENTORY (5) ---- Light Treads Large Battery (200) Medium Matter Pod (100) High-capacity Matter Pod (200) Datajack Peak State ------------ > --- POWER ------------ Improved Ion Engine > --- PROPULSION ------- Flight Unit Flight Unit Flight Unit VTOL Module > --- UTILITY ---------- Structural Scanner Signal Interpreter > --- WEAPON ----------- Beam Rifle Heavy Assault Rifle > --- INVENTORY -------- Light Treads Large Battery Medium Matter Pod High-capacity Matter Pod Datajack [Rating: 13] Favorites ----------- Power Light Ion Engine Engine Light Ion Engine Propulsion Flight Unit Treads Light Treads Wheel Wheel Flight Unit Flight Unit Utility Signal Interpreter Device Structural Scanner Storage Small Storage Unit Processor Signal Interpreter Weapon Light Assault Rifle Energy Gun Beam Rifle Ballistic Gun Light Assault Rifle Launcher Mini Grenade Launcher Build | -11 -10 -9 -9 ------- Run | Yrd Mat Mat Sto Slots Evolved 2 | . . 2 . Power . | . . . . Propulsion 2 | . . 2 . Utility . | . . . . Weapon . | . . . . Parts Attached 37 | 6 11 9 11 Power 6 | 1 2 1 2 Engine 6 | 1 2 1 2 Core . | . . . . Reactor . | . . . . Propulsion 16 | 2 4 6 4 Treads 2 | . . 2 . Leg . | . . . . Wheel 2 | 2 . . . Hover . | . . . . Flight 12 | . 4 4 4 Utility 5 | 1 3 . 1 Device 1 | . . . 1 Storage 3 | 1 2 . . Processor 1 | . 1 . . Hackware . | . . . . Protection . | . . . . Artifact . | . . . . Weapon 10 | 2 2 2 4 Energy Gun 2 | 1 . . 1 Energy Cannon . | . . . . Ballistic Gun 5 | 1 2 1 1 Ballistic Cannon . | . . . . Launcher 3 | . . 1 2 Special Weapon . | . . . . Impact Weapon . | . . . . Slashing Weapon . | . . . . Piercing Weapon . | . . . . Special Melee Weapon . | . . . . Unidentified Prototypes 1 | . . . 1 Corrupted Parts 2 | . . . 2 System Corruption 3 | . . . 3 Parts Lost 15 | . 4 9 2 Power 2 | . 1 1 . Propulsion 9 | . 2 5 2 Utility . | . . . . Weapon 4 | . 1 3 . Highest Loss Streak 6 | . 3 6 1 To Critical Strikes 1 | . . 1 . Average Backups 4 | . 2 4 4 Power . | . . . . Propulsion . | . . . . Utility 2 | . . 2 3 Weapon . | . . . . Tool/Special . | . . . . Unused Backups 3 | . . . 3 Power . | . . . . Propulsion . | . . . . Utility 2 | . . . 2 Weapon . | . . . . Tool/Special 1 | . . . 1 Average Slot Usage (%) 77 | . 89 72 71 Engine 10 | . 13 9 10 Wheel 4 | . 16 . . Flight 22 | . 10 26 28 Device 2 | . . . 5 Storage 4 | . 11 4 . Processor 11 | . 13 11 11 Energy Gun 5 | . 9 . 7 Ballistic Gun 11 | . 14 17 5 Launcher 1 | . . 1 3 Peak Build Rating 13 | 6 7 9 13 Average Rating 8 | 4 6 6 10 On Entrance 4 | . 6 7 3 Naked Turns . | . . . . Heaviest Build 14 | 14 14 7 14 Greatest Support 40 | 26 26 40 20 Greatest Overweight (x) 3 | . 1 1 3 Average Overweight (x) . | . . . . Largest Inventory Capacity 8 | 8 8 5 5 Average Capacity 5 | 6 7 5 5 Most Carried 7 | . 7 5 5 Average Carried 4 | . 3 4 4 Final Capacity 8 | 8 5 5 5 Final Carried 5 | . 4 4 5 Class Distribution -------------------- 44% | Scavenger-Mutant 40% | Mutant 8% | Sprinter 5% | Scavenger-Sprinter Dominant Class ---------------- Mutant | -10/Materials Scavenger-Mutant | -9/Materials Scavenger-Mutant | -9/Storage Resources | -11 -10 -9 -9 ----------- Run | Yrd Mat Mat Sto Matter Collected 990 | 236 247 202 305 Remotely . | . . . . Salvage Created 932 | . 278 400 254 Parts 70 | . 27 27 16 Haulers Intercepted 2 | . . . 2 Recyclers Shooed . | . . . . Parts Field Recycled . | . . . . Retrieved Matter . | . . . . Parts Self-Destructed . | . . . . Prevented . | . . . . Kills | -11 -10 -9 -9 ------- Run | Yrd Mat Mat Sto Combat Hostiles Destroyed 27 | . 11 12 4 Guns 23 | . 10 9 4 AOE 4 | . 1 3 . Classes Destroyed 9 | . 2 4 3 Worker 1 | . . 1 . Builder 1 | . . 1 . Hauler 2 | . . . 2 Recycler 1 | . . 1 . Operator 1 | . . . 1 Watcher 1 | . . . 1 Swarmer 15 | . 7 6 2 Grunt 7 | . 4 3 . Sentry 5 | . . 3 2 Best Kill Streak 6 | . 6 6 3 Combat Bots Only 6 | . 6 4 2 Max Kills in Single Turn 3 | . 2 2 3 Gunslinging 1 | . 1 . . Exploded 1 | . 1 1 . Melee . | . . . . Uniques/NPCs Destroyed . | . . . . Combat | -11 -10 -9 -9 -------- Run | Yrd Mat Mat Sto Hostile Shots Fired 175 | . 44 96 35 Missed 62 | . 15 31 16 Hits 113 | . 29 65 19 Projectile 113 | . 29 65 19 Critical Strikes 5 | . . 3 2 Damage Taken 1544 | . 399 835 310 Core 653 | . 219 302 132 Absorbed by Shields . | . . . . Regen/Repaired (Parts) 13 | . . 13 . Core Remaining (%) 56 | 100 12 . . Volleys Fired 95 | . 31 44 20 Largest 2 | . 2 2 2 Hottest 79 | . 60 53 79 Shots Fired 146 | . 39 76 31 Gun 133 | . 39 68 26 Cannon . | . . . . Launcher 13 | . . 8 5 Special . | . . . . Kinetic 115 | . 31 68 16 Thermal 10 | . . . 10 Explosive 13 | . . 8 5 Electromagnetic 8 | . 8 . . Robot Hit Streak 9 | . 7 9 6 Robot Miss Streak 4 | . 2 4 4 Penetration Max . | . . . . Secondary Targets 1 | . 1 . . Max Gunslinging Chain 1 | . 1 . . Shots Hit Robots 85 | . 27 45 13 Core Hits 58 | . 18 26 14 Critical Kills 1 | . 1 . . Critical Parts Destroyed . | . . . . Critical Strikes 2 | . 1 . 1 Burn 1 | . . . 1 Destroy 1 | . 1 . . Melee Attacks . | . . . . Impact . | . . . . Slashing . | . . . . Piercing . | . . . . Sneak Attacks . | . . . . Combat Hostiles . | . . . . Follow-up Attacks . | . . . . Damage Inflicted 1352 | . 253 728 371 Guns 854 | . 253 379 222 Cannons . | . . . . Explosions 495 | . . 346 149 Melee . | . . . . Ramming 3 | . . 3 . Kinetic 674 | . 179 379 116 Thermal 106 | . . . 106 Explosive 495 | . . 346 149 Electromagnetic 74 | . 74 . . Impact . | . . . . Slashing . | . . . . Piercing . | . . . . Highest Corruption 5 | . . . 5 Average Corruption 3 | . . . 3 Corruption Purged . | . . . . Corruption Blocked . | . . . . Effects 6 | . . . 6 Message Errors 2 | . . . 2 Matter Fused 1 | . . . 1 Heat Flow Errors 1 | . . . 1 Data Loss (minor) 1 | . . . 1 Weapon Failures 1 | . . . 1 Overload Shots . | . . . . Overflow Damage 16 | . . 16 . Projectiles . | . . . . Explosions 16 | . . 16 . Melee . | . . . . Knockbacks . | . . . . Impact . | . . . . Kinetic . | . . . . Secondary . | . . . . Self-Inflicted Damage 88 | . . 52 36 Shots 3 | . . 2 1 Rammed 7 | . . 7 . Targets Rammed 7 | . . 7 . Kicked . | . . . . Crushed . | . . . . Highest Temperature 219 | . 90 30 219 Average Temperature 32 | . 33 8 49 Received Heat Transfer 450 | . 93 264 93 Siege Activations . | . . . . Martial Activations . | . . . . Shielding Activations . | . . . . Robots Disrupted . | . . . . Combat Hostiles . | . . . . Robots Corrupted . | . . . . Combat Hostiles . | . . . . Parts Fried 1 | . . . 1 Impact Corruptions . | . . . . Robots Melted . | . . . . Combat Hostiles . | . . . . Parts Melted 1 | . . . 1 Heat Transferred 370 | . . . 370 Parts Sabotaged . | . . . . Parts Stolen . | . . . . Parts Stripped . | . . . . Power Chain Reactions . | . . . . Alert | -11 -10 -9 -9 ------- Run | Yrd Mat Mat Sto Maximum Alert Level 1 | . . 1 . Low Security (%) 92 | 100 100 71 100 Level 1 7 | . . 28 . Level 2 . | . . . . Level 3 . | . . . . Level 4 . | . . . . Level 5 . | . . . . High Security . | . . . . Max Security . | . . . . Peak Influence 292 | . 146 292 110 Initial 110 | . . 57 110 Average 80 | . 43 141 77 Influence Increases 901 | . 266 415 220 Destroy 0b10 Robot/C 540 | . 220 240 80 Destroy 0b10 Robot/NC 35 | . . 15 20 Destroy Leader 136 | . 40 60 36 Successful Hack 28 | . 5 19 4 Disable Machine 45 | . . 15 30 Destroy Structure 87 | . 1 66 20 Partial Spotted 30 | . . . 30 Influence Decreases 797 | . 130 289 378 Entered New Map 231 | . . 79 152 Time Decay 416 | . 90 120 206 Lost Part 150 | . 40 90 20 Squads Dispatched 8 | . 2 2 4 Investigation 4 | . 1 1 2 Extermination . | . . . . Reinforcement 4 | . 1 1 2 Assault . | . . . . Garrison . | . . . . Intercept . | . . . . Searches Triggered . | . . . . Construction Impeded 1 | . . 1 . Haulers Reinforced . | . . . . Active Scanning Responses . | . . . . Cargo Convoy Interrupts . | . . . . Stealth | -11 -10 -9 -9 --------- Run | Yrd Mat Mat Sto Distress Signals 4 | . . . 4 Communications Jammed . | . . . . Distress Signals . | . . . . Times Spotted 51 | . 13 13 25 Peak Tracking Total 6 | . 3 5 6 Tactical Retreats . | . . . . Traps | -11 -10 -9 -9 ------- Run | Yrd Mat Mat Sto Traps Triggered 5 | . 1 1 3 Indirectly . | . . . . Trap Hack Attempts . | . . . . Triggered . | . . . . Disarmed . | . . . . Reprogrammed . | . . . . Reused . | . . . . Traps Extracted . | . . . . Installed . | . . . . Triggered . | . . . . Machines | -11 -10 -9 -9 ---------- Run | Yrd Mat Mat Sto Machines Disabled 3 | . . 1 2 Max in Single Turn 1 | . . 1 1 Machines Repaired . | . . . . Machines Dismantled . | . . . . Machines Sabotaged . | . . . . Overloaded Fab Kills . | . . . . Hacking | -11 -10 -9 -9 --------- Run | Yrd Mat Mat Sto Machines Accessed 4 | . 1 2 1 Terminals 3 | . 1 1 1 Fabricators . | . . . . Repair Stations 1 | . . 1 . Recycling Units . | . . . . Scanalyzers . | . . . . Garrison Access . | . . . . Total Hacks 10 | . 3 3 4 Successful 9 | . 3 3 3 Failed 1 | . . . 1 Catastrophic . | . . . . Database Lockouts . | . . . . Manual . | . . . . Terminals 8 | . 3 1 4 Fabricators . | . . . . Repair Stations 2 | . . 2 . Recycling Units . | . . . . Scanalyzers . | . . . . Garrison Access . | . . . . Terminal Hacks 7 | . 3 1 3 Record 3 | . . 1 2 Prototype ID Bank 1 | . . . 1 Maintenance Status 1 | . 1 . . Hauler Manifests 1 | . 1 . . Zone Layout 1 | . 1 . . Fabricator Hacks . | . . . . Repair Station Hacks 2 | . . 2 . Scan Component 1 | . . 1 . Repair 1 | . . 1 . Recycling Unit Hacks . | . . . . Scanalyzer . | . . . . Garrison Access Hacks . | . . . . Unauthorized Hacks . | . . . . Terminals . | . . . . Fabricators . | . . . . Repair Stations . | . . . . Recycling Units . | . . . . Scanalyzers . | . . . . Garrison Access . | . . . . Data Cores Recovered 1 | . . . 1 Used . | . . . . Hacking Detections 3 | . . 2 1 Full Trace Events 1 | . . . 1 Feedback Events . | . . . . Feedback Blocked . | . . . . Robot Schematics Acquired . | . . . . Robots Built . | . . . . Authchips . | . . . . Time . | . . . . Total Robot Build Rating . | . . . . Part Schematics Acquired . | . . . . Parts Built . | . . . . Authchips . | . . . . Time . | . . . . Total Part Build Rating . | . . . . Parts Repaired 1 | . . 1 . Time 26 | . . 26 . Parts Recycled . | . . . . Recycled Matter . | . . . . Retrieved Matter . | . . . . Retrieved Components . | . . . . Parts Scanalyzed . | . . . . Part Schematics Acquired . | . . . . Parts Damaged . | . . . . Bothacking | -11 -10 -9 -9 ------------ Run | Yrd Mat Mat Sto Used RIF Installer . | . . . . Robots Hacked . | . . . . Non-combat . | . . . . Combat . | . . . . Robot Hacks Applied . | . . . . Relay Couplers Released . | . . . . Fabnet Peak Effective % . | . . . . Robots Rewired . | . . . . Allies Hacked . | . . . . Hacks Repelled . | . . . . Allies | -11 -10 -9 -9 -------- Run | Yrd Mat Mat Sto Total Allies . | . . . . Largest Group . | . . . . Highest-Rated Group . | . . . . Highest-Rated Ally . | . . . . Total Orders . | . . . . Ally Attacks . | . . . . Total Damage . | . . . . Kills . | . . . . Allies Corrupted . | . . . . Allies Melted . | . . . . Intel | -11 -10 -9 -9 ------- Run | Yrd Mat Mat Sto Active Infowar (turns) 221 | . . . 221 Structural 221 | . . . 221 Robot Analysis Total . | . . . . Derelict Logs Recovered . | . . . . Drone Launches . | . . . . Drone Recoveries . | . . . . Exploration | -11 -10 -9 -9 ------------- Run | Yrd Mat Mat Sto Turns Passed 1019 | 47 280 256 436 Spaces Moved 1012 | 44 246 238 484 Core 14 | 1 1 11 1 Treads 14 | . . 5 9 Legs . | . . . . Wheels 196 | 43 153 . . Hover . | . . . . Flight 788 | . 92 222 474 Fastest Speed 29 | 50 37 31 29 Average Speed 63 | 88 71 40 67 Slowest Speed 275 | 90 117 160 275 Overloaded Moves . | . . . . Propulsion Burnouts . | . . . . Robots Hopped 8 | . . 1 7 Potential Cave-ins . | . . . . Cave-ins Triggered . | . . . . Exploration Rate (%) 31 | 4 39 25 57 Regions Visited 3 Branch Regions 1 Pre-discovered Areas . | . . . . Known Exits Taken 2 | . 1 1 . Unknown Exits Taken 1 | 1 . . . Scrap Searched . | . . . . Spaces Dug . | . . . . Terrain Destroyed 120 | . . 84 36 Melee . | . . . . Projectile . | . . . . AOE 120 | . . 84 36 Terrain Rammed . | . . . . Walls Destroyed . | . . . . Machines Disabled . | . . . . Actions | -11 -10 -9 -9 --------- Run | Yrd Mat Mat Sto Total 1243 | 49 314 326 554 Wait 56 | . 13 23 20 Move 995 | 43 245 236 471 Hop 7 | . . 1 6 Pick Up 8 | . 6 1 1 Fast Attach 32 | 6 7 6 13 Attach 4 | . 3 1 . Detach 6 | . 4 1 1 Swap 4 | . 1 3 . Drop 12 | . 4 4 4 Fire 95 | . 31 44 20 Melee . | . . . . Ram . | . . . . Kick . | . . . . Crush 6 | . . 6 . Escape Stasis 18 | . . . 18 Rewire . | . . . . Trap . | . . . . Miscellaneous . | . . . . Route ------- -11/Scrapyard -10/Materials (discovered 2 exits: *Mat / *Min) -9/Materials -9/Storage History --------- Turn | Location | Event 30 | -11/Scrapyard | Discovered new exit (range 15) 48 | -11/Scrapyard | Entered Materials 195 | -10/Materials | Discovered new exit (range 8) 204 | -10/Materials | Identified exit to Mines 310 | -10/Materials | Discovered new exit (range 3) 311 | -10/Materials | Core integrity fell below 50% 311 | -10/Materials | Core integrity fell below 20% 314 | -10/Materials | Identified exit to Materials 328 | -10/Materials | Entered another Materials area 328 | -9/Materials | Evolved 2 slots: Propulsion x2 340 | -9/Materials | Lost 3 parts (1p2n) 448 | -9/Materials | Repaired Flight Unit 533 | -9/Materials | Discovered new exit (range 15) 553 | -9/Materials | Core integrity fell below 50% 577 | -9/Materials | Identified exit to Storage 584 | -9/Materials | Entered Storage 613 | -9/Storage | Lost 6 parts (1p3n2w) 617 | -9/Storage | Met 01-MTF 681 | -9/Storage | Core integrity fell below 20% 1020 | -9/Storage | Destroyed self with Mini Grenade Launcher Last Messages --------------- 00964_ System corrupted: Matter fused (-7). 00964_ Acquired 7 matter. 00972_ K-01 Serf collects debris. 00984_ K-01 Serf cleans the Terminal. 00994_ W-16 Scout sends out distress signal. 00994_ Terminal disabled. 00994_ Lgt. Ion Engine fried. 00994_ W-16 Scout destroyed. 00994_ A-02 Transporter destroyed. 00998_ R-06 Scavenger collects Corrupted Lgt. Treads. 01002_ R-06 Scavenger collects Lgt. Treads. 01003_ Storage Shell breached. 01005_ R-06 Scavenger collects Corrupted Imp. Ion Engine. 01005_ Flight Unit destroyed. 01007_ The unstable cave ceiling collapses. 01008_ G-34 Mercenary destroyed. 01009_ MW>P>W05WRV DCFW|PP |,VTLX5QD6N3NQ A 01009_ Acquired 13 matter. 01011_ Acquired 22 matter. Map ----- +----------------------------------------------------+ | ???????????????????#########?????????????????????? | | ## # ##############?????????????????????? | | ##################### ##?????????????????????? | | |[* !%! ! ##?????????????????????? | | [%[! == %[ ##?????????????????????? | | =! = ##?????????????????????? | | =#%################## ##?????????????????????? | | %###### ##### ###?????????????????????? | | ####??????????" ##### ###?????????????????????? | | ##????????"???? #### ##??????????????????????? | | ##????????" "??? ##### #####???????????????????? | | ###### # ## ######??????????????????? | | ##############/### !!% # ###??????????????????? | | % !%[[ T" ] ##??????????????????? | | ##??????????????????? | | % ##??????????????????? | | ### ############## =%= ###?????????????????? | | ### ############# ## ###?????????????????? | | ### ##?######??### ##?????????????????? | | +### ####"""########## " " ####### ???????????? | | # ####"T"####?##### """"?" ####### ???????????? | | Y + ##????## "???[" # # ???????????? | | " # ####??## "???=" # # ???????????? | | # """ ####??## "?" /Y + ???????????? | | #### % """ ""##??## """ # # ???????????? | | #### %""" T"##??## @ # ? # ???????????? | | #### % ""##??## p##?? ###???????????? | | ####??############?? #T#???????????? | | #####%[""" ##################?????????????????? | | ####" "" #########??????????????????????????? | | +##?##T "" # ##??????????????????????????? | | ??? #" %# ##??????????????????????????? | | ???? ## #[!!|= ##??????????????????????????? | | ???? + "" + ##??????????????????????????? | | ???? ## """ # ##??????????????????????????? | | ???? #" """ # #####???????????????????????? | | ???? #T ##+#########???????????????????????? | | ???? #" * # ##???????????????????????? | | ??? ## """ [ # ##???????????????????????? | | ???#### """ + ##???????????????????????? | | #####T# """ # ##???????????????????????? | | ##!!" # # ##???????????????????????? | | ##!! + + ##???????????????????????? | | ##!!" # ################???????????????????????? | | ##########################???????????????????????? | | ???#########?????????????????????????????????????? | | ?????????????????????????????????????????????????? | | ?????????????????????????????????????????????????? | | | | | +----------------------------------------------------+ Best States ------------- Heat Dissipation 28 Energy Generation 14 Energy Capacity 325 Matter Stores 309 Matter Capacity 350 Sight Range 16 Terrain Scan Density 10 Evasion (%) 64 Recoil Reduction 2 Item Schematics ----------------- None Robot Schematics ------------------ None Fabricated ------------ Nothing Repaired ---------- Flight Unit | 35% | -9/Materials Alien Tech Used ----------------- None Achievements -------------- None Challenges ------------ None Game ------ Seed UtilityHypervelocityShredder Manual? 0 Play Time 00:18:08 Cumulative 13.8 hours Start 2025.08.21 @ 13:29:37 End 2025.08.21 @ 13:45:15 Sessions 1 Manual Loads 0 Difficulty Rogue Special Mode None Game No. 37 Rogue 37 Adventurer 0 Explorer 0 Win Type - Total 0 Types 0/0/0/0/0/0/0/0/0/0 Lore% 9 Gallery% 21 Achievement% 19 Wizard Run 0 Options --------- Layout 1 ASCII 0 Keyboard 1 Movement Vi Keybinds 0 Fullscreen 1 Font 16/SmallcapsGlow Map View 55x38 Zoom Use 0% Tactical HUD 1 Map Filters NONE Filters NONE Steam 1 RUN: 3dc2d331-dd53-4476-b40c-b49e62907211